 Dungeon Crawl Stone Soup version 0.30-a0-883-g5ad918d77d (webtiles) character file.

Game seed: 16519516051020452908

88 Rocko1345 the Ducker (level 4, 0/41 HPs)
             Began as a Gnoll Monk on Mar 15, 2023.
             Slain by a gnoll
             ... wielding a +0 club
              (3 damage)
             ... on level 3 of the Dungeon.
             The game lasted 00:04:37 (1623 turns).

Rocko1345 the Ducker (Gnoll Monk)                   Turns: 1623, Time: 00:04:38

Health: 0/41       AC:  4    Str: 12    XL:     4   Next: 53%
Magic:  5/5        EV: 14    Int:  9    God:
Gold:   103        SH:  0    Dex: 15    Spells: 5/5 levels left

rFire   . . .      SeeInvis .    a - +0 hand axe
rCold   . . .      Faith    .    (no shield)
rNeg    . . .      Spirit   .    g - +1 leather armour {rPois}
rPois   +          Reflect  .    (no helmet)
rElec   .          Rampage  .    (no cloak)
rCorr   .                        (no gloves)
Will    .....                    (no boots)
Stlth   ++                       (no amulet)
HPRegen 0.26/turn                (no ring)
MPRegen 0.09/turn                (no ring)

@: mighty, about to teleport
A: fangs 1, strong nose, distributed training
a: no special abilities


You were on level 3 of the Dungeon.
You visited 1 branch of the dungeon, and saw 3 of its levels.

You collected 103 gold pieces.

Inventory:

Hand Weapons
 a - a +0 hand axe (weapon)
Armour
 b - a +0 robe
 g - a +1 leather armour of poison resistance (worn)
Jewellery
 s - an amulet of regeneration
Scrolls
 d - 2 scrolls of torment
 f - a scroll of noise {unknown}
 h - a scroll of identify {unknown}
 k - a scroll of butterflies
 l - a scroll of fog {unknown}
 m - a scroll of amnesia {unknown}
 n - a scroll of immolation {unknown}
 p - a scroll of acquirement {unknown}
Potions
 i - 2 potions of curing {unknown}
 o - a potion of resistance {unknown}
 q - a potion of flight {unknown}
 r - a potion of heal wounds {unknown}


   Skills:
 + Level 6.6 Fighting
 + Level 1.2 Short Blades
 + Level 1.2 Long Blades
 + Level 6.6 Axes
 + Level 1.2 Maces & Flails
 + Level 1.2 Polearms
 + Level 1.2 Staves
 + Level 1.2 Ranged Weapons
 + Level 1.2 Throwing
 + Level 1.2 Armour
 + Level 6.6 Dodging
 + Level 4.3 Stealth
 + Level 1.2 Shields
 + Level 1.2 Unarmed Combat
 + Level 1.2 Spellcasting
 + Level 1.0 Conjurations
 + Level 1.0 Hexes
 + Level 1.0 Summonings
 + Level 1.0 Necromancy
 + Level 1.0 Translocations
 + Level 1.0 Transmutations
 + Level 1.0 Fire Magic
 + Level 1.0 Ice Magic
 + Level 1.0 Air Magic
 + Level 1.0 Earth Magic
 + Level 1.0 Poison Magic
 + Level 1.3 Invocations
 + Level 1.2 Evocations


You had 5 spell levels left.
You didn't know any spells.
Your spell library contained the following spells:

 Spells                   Type           Power      Damage    Failure   Level
 Ensorcelled Hibernation  Hex/Ice        4%         N/A       41%         2
 Passwall                 Tmut/Erth      1%         N/A       41%         2
 Swiftness                Air            2%         N/A       65%         3


Dungeon Overview and Level Annotations

Branches:
Dungeon (3/15)

Altars:
Gozag


Innate Abilities, Weirdness & Mutations

You have very sharp teeth.
Your uncanny sense of smell can sniff out nearby items.
Your experience applies equally to all skills.


Message History

The gnoll is heavily wounded.
The gnoll completely misses you.
You closely miss the gnoll.
The gnoll is heavily wounded.
You hit the gnoll. The gnoll hits you with a +0 club.
The gnoll closely misses you.
You hit the gnoll but do no damage.
The gnoll is heavily wounded.
You hit the gnoll but do no damage. The gnoll hits you with a +0 club. x2
* * * LOW HITPOINT WARNING * * *
Unknown command.
You barely miss the gnoll.
The gnoll is moderately wounded.
You hit the gnoll but do no damage. The gnoll closely misses you.
The gnoll hits you with a +0 club.
* * * LOW HITPOINT WARNING * * *
You are confused.
You feel invigorated. The gnoll hits you but does no damage.
The gnoll completely misses you.
It was a potion of might.
You feel very mighty all of a sudden. The gnoll hits you with a +0 club.
* * * LOW HITPOINT WARNING * * *
The gnoll hits you with a +0 club.
* * * LOW HITPOINT WARNING * * *
There are monsters nearby!
The gnoll barely misses you. The gnoll hits you with a +0 club.
* * * LOW HITPOINT WARNING * * *
Okay, then.
You feel less invigorated.
You feel less confused. The gnoll barely misses you.
The gnoll hits you with a +0 club.
* * * LOW HITPOINT WARNING * * *
Okay, then.
As you read the scroll of teleportation, it crumbles to dust.
You feel strangely unstable. The gnoll completely misses you.
The gnoll hits you with a +0 club.
* * * LOW HITPOINT WARNING * * *
The gnoll misses you. The gnoll hits you with a +0 club.
You die...

#.# #)# #.#
#)#######
####.).^....
#......#####
#.....##
#.....###
###.#.g@# #..##g#
##.##g#######
#<..g......# #
####..#g...###.##
##...........#
#.>.....##...#
#.......# ..
#..........#


You could see 3 gnolls and a hobgoblin.

Vanquished Creatures
  A gnoll (D:3)
  3 adders (D:2)
  A dart slug (D:2)
  An orc (D:3)
  5 bats
  3 endoplasms
  3 giant cockroaches
  4 goblins
  3 hobgoblins
  5 jackals (D:1)
  3 kobolds (D:2)
  A quokka (D:1)
  6 ball pythons
  3 frilled lizards
  4 rats
46 creatures vanquished.

Vanquished Creatures (others)
  A goblin (D:2)
1 creature vanquished.

Grand Total: 47 creatures vanquished

Notes
Turn   | Place    | Note
-------+----------+-------------------------------------------
     0 | D:1      | Rocko1345 the Gnoll Monk began the quest for the Orb.
     0 | D:1      | Reached XP level 1. HP: 23/23 MP: 1/1
   223 | D:1      | Reached XP level 2. HP: 28/29 MP: 2/2
   508 | D:1      | Reached XP level 3. HP: 25/35 MP: 3/3
   935 | D:2      | Reached skill level 1 in Invocations
   946 | D:2      | Found a faded altar of an unknown god.
  1108 | D:2      | Reached skill level 1 in Short Blades
  1108 | D:2      | Reached skill level 1 in Long Blades
  1108 | D:2      | Reached skill level 1 in Maces & Flails
  1108 | D:2      | Reached skill level 1 in Polearms
  1108 | D:2      | Reached skill level 1 in Staves
  1108 | D:2      | Reached skill level 1 in Ranged Weapons
  1108 | D:2      | Reached skill level 1 in Throwing
  1108 | D:2      | Reached skill level 1 in Armour
  1108 | D:2      | Reached skill level 1 in Shields
  1108 | D:2      | Reached skill level 1 in Unarmed Combat
  1108 | D:2      | Reached skill level 1 in Spellcasting
  1108 | D:2      | Reached skill level 1 in Evocations
  1316 | D:2      | Found an opulent altar of Gozag.
  1369 | D:2      | Reached XP level 4. HP: 41/41 MP: 5/5
  1585 | D:3      | Reached skill level 1 in Conjurations
  1585 | D:3      | Reached skill level 1 in Hexes
  1585 | D:3      | Reached skill level 1 in Summonings
  1585 | D:3      | Reached skill level 1 in Necromancy
  1585 | D:3      | Reached skill level 1 in Translocations
  1585 | D:3      | Reached skill level 1 in Transmutations
  1585 | D:3      | Reached skill level 1 in Fire Magic
  1585 | D:3      | Reached skill level 1 in Ice Magic
  1585 | D:3      | Reached skill level 1 in Air Magic
  1585 | D:3      | Reached skill level 1 in Earth Magic
  1585 | D:3      | Reached skill level 1 in Poison Magic
  1623 | D:3      | Slain by a gnoll

Illustrated notes

Levels and vault maps discovered:
D:1:      heliophobic_arrival_henge, layout_basic
D:2:      layout_rooms, hellmonk_ecumenical_altar_zigzags, basic_altar
D:3:      layout_rooms, mainiacjoe_overflow_alcove_1

Skill      XL: |  1  2  3  4 |
---------------+-------------+-----
Invocations    | 1 |  1.3
Short Blades   | 1 |  1.2
Long Blades    | 1 |  1.2
Maces & Flails | 1 |  1.2
Polearms       | 1 |  1.2
Staves         | 1 |  1.2
Ranged Weapons | 1 |  1.2
Throwing       | 1 |  1.2
Armour         | 1 |  1.2
Shields        | 1 |  1.2
Unarmed Combat | 1 |  1.2
Spellcasting   | 1 |  1.2
Evocations     | 1 |  1.2
Conjurations   | 1 |  1.0
Hexes          | 1 |  1.0
Summonings     | 1 |  1.0
Necromancy     | 1 |  1.0
Translocations | 1 |  1.0
Transmutations | 1 |  1.0
Fire Magic     | 1 |  1.0
Ice Magic      | 1 |  1.0
Air Magic      | 1 |  1.0
Earth Magic    | 1 |  1.0
Poison Magic   | 1 |  1.0
Fighting       | |  6.6
Axes           | |  6.6
Dodging        | |  6.6
Stealth        | |  4.3

Action                     |  1- 3 |  4- 6 || total
---------------------------+-------+-------++-------
  Melee: Hand axe          |   127 |    26 ||   153
         Bite              |    11 |     3 ||    14
         Punch             |     1 |     1 ||     2
  Throw: Stone             |     3 |       ||     3
    Use: Scroll            |     3 |     1 ||     4
         Potion            |       |     2 ||     2
   Stab: Sleeping          |     3 |       ||     3
 Armour: Leather armour    |    43 |     2 ||    45
         Robe              |     2 |       ||     2
  Dodge: Dodged            |   158 |    23 ||   181

Table legend: (Time is in decaauts)
 A = Elapsed time spent in this place.
 B = Non-inter-level travel time spent in this place.
 C = Inter-level travel time spent in this place.
 D = Time resting spent in this place.
 E = Time spent auto-exploring this place.
 F = Levels seen in this place.
 G = Mean time per level.
                   A        B        C        D        E       F      G
               +--------+--------+--------+--------+--------+-----+--------+
         Total |   1618 |   1588 |     30 |    164 |    886 |   3 |  539.3 |
       Dungeon |   1618 |   1588 |     30 |    164 |    886 |   3 |  539.3 |
               +--------+--------+--------+--------+--------+-----+--------+

Top non-repeatable levels by time:
     D:1: 888 daAuts
     D:2: 660 daAuts
     D:3: 69 daAuts
